 Dungeon Crawl Stone Soup version 0.28-a0-1389-gc726bef33b (webtiles) character file.

Game seed: 6598954633196974339

763 ChaosChampion the Skirmisher (level 7, -1/38 HPs)
             Began as a Vine Stalker Fighter on Jan 3, 2022.
             Killed from afar by a white imp (7 damage)
             ... with a puff of frost
             ... while paralysed by a hornet
             ... on level 6 of the Dungeon.
             The game lasted 00:04:31 (3128 turns).

ChaosChampion the Skirmisher (Vine Stalker Fighter) Turns: 3128, Time: 00:04:31

Health: -1/38      AC:  9    Str: 21    XL:     7   Next: 81%
Magic:  0/8        EV:  2    Int:  8    God:
Gold:   158        SH:  0    Dex: 13    Spells: 6/6 levels left

rFire   . . .      SeeInvis .   a - +0 rapier
rCold   . . .      Faith    .   c - +0 buckler
rNeg    . . .      Spirit   +   j - +0 chain mail
rPois   +          Reflect  .   (no helmet)
rElec   .          Harm     .   (no cloak)
rCorr   .          Rampage  .   (no gloves)
Will    .....                   (no boots)
Stlth   ..........              (no amulet)
HPRegen 0.92/turn               n - ring of poison resistance
MPRegen 0.11/turn               (no ring)

@: paralysed, lethally poisoned (-1 -> -5), slowed
A: fangs 2, regeneration 1, magic shield, antimagic bite, no potion heal 2
a: no special abilities


You were on level 6 of the Dungeon.
You visited 2 branches of the dungeon, and saw 7 of its levels.

You collected 158 gold pieces.

Inventory:

Hand Weapons
 a - a +0 rapier (weapon)
Missiles
 h - a throwing net
Armour
 c - a +0 buckler (worn)
 j - a +0 chain mail (worn)
Jewellery
 n - a ring of poison resistance (left hand)
Wands
 o - a wand of iceblast (5) (quivered)
Scrolls
 e - 4 scrolls of identify
 g - a scroll of enchant armour {unknown}
 k - a scroll of amnesia {unknown}
 l - a scroll of brand weapon {unknown}
 m - a scroll of torment {unknown}
Potions
 b - a potion of heal wounds
 d - a potion of might
 f - 3 potions of haste
 i - a potion of flight {unknown}


   Skills:
 + Level 4.3 Fighting
 + Level 3.7 Short Blades
 + Level 3.9 Armour
 + Level 2.8 Dodging
 + Level 4.3 Shields


You had 6 spell levels left.
You didn't know any spells.
Your spell library contained the following spells:

 Spells                   Type           Power      Damage    Failure   Level
 Magic Dart               Conj           0%         1d3       98%         1
 Searing Ray              Conj           0%         2d4       99%         2
 Fulminant Prism          Conj/Hex       0%         3d6       100%        4


Dungeon Overview and Level Annotations

Branches:
Dungeon (6/15)             Temple (1/1) D:5

Altars:
Ashenzari
Cheibriados
Dithmenos
Elyvilon
Fedhas
Gozag
Hepliaklqana
Kikubaaqudgha
Makhleb
Nemelex Xobeh
Qazlal
Ru
Sif Muna
Trog
Vehumet
Wu Jian
Xom
Yredelemnul
Zin
The Shining One

Annotations:
D:3 2 transporters, Stonecrops's ghost, amateur GrFi


Innate Abilities, Weirdness & Mutations

You have extremely sharp teeth.
Your natural rate of healing is unusually fast.
When hurt, damage is shared between your health and your magic reserves.
Your bite disrupts and absorbs the magic of your enemies.
Potions cannot restore your health.


Message History

You feel very sick. You block the hornet's attack.
You closely miss the hornet. Your bite misses the hornet.
You feel sick.
The hornet stings you but does no damage.
The hornet stings you!
You are too injured to fight recklessly!
Aiming: Iceblast
Press: ? - help, Q - select action, (/) - cycle Shift-Dir - straight line The mass of ice explodes!
The iceblast engulfs the hornet!
The hornet is lightly wounded.
The iceblast engulfs the orc!
You kill the orc!
You feel sick.
You hear a shout!
The hornet stings you but does no damage.
Aiming: Iceblast
Press: ? - help, Q - select action, (/) - cycle Shift-Dir - straight line The mass of ice explodes!
The iceblast engulfs the hornet!
The hornet is heavily wounded.
You feel sick.
The hornet stings you. x2; You feel yourself slow down.
Aiming: Iceblast
Press: ? - help, Q - select action, (/) - cycle Shift-Dir - straight line The mass of ice explodes!
The iceblast engulfs the hornet.
The hornet is severely wounded.
You feel sick.
The hornet stings you but does no damage.
The hornet completely misses you.
A white imp comes into view.
Aiming: Iceblast
Press: ? - help, Q - select action, (/) - cycle Shift-Dir - straight line The mass of ice explodes!
The iceblast engulfs the hornet!
The hornet is almost dead.
You feel sick. The hornet stings you!
* * * LOW HITPOINT WARNING * * *
You are more poisoned.
You suddenly lose the ability to move!
The hornet stings you but does no damage.
The white imp gestures at you. The puff of frost hits you!
You die...

#..#.⌠.⌠# ## .
#####..#....##.##...
.......#.._.#$..8..#
....##.#....#$.....#
†.#.#..#....#o.....## #
..#.#..#.._.#$..8)..##.#
..#.#..#....##.##.#....#
...#...#)⌠.⌠# ##y...#
..###..####'###.@..# .##
##.............# ##
##.#########...... .##
#..##5# #.## ..# #..#
.... ..# .##. #.# .#
#.#.#


You could see a hornet and a white imp.

Vanquished Creatures
  Sigmund (D:5)
  2 ogres (D:5)
  A phantom (D:5)
  2 scorpions
  A bullfrog (D:6)
  A bullfrog skeleton (D:5)
  A jelly (D:3)
  A killer bee zombie (D:5)
  3 adders
  A howler monkey skeleton (D:4)
  A worm (D:2)
  3 dart slugs
  11 orcs
  5 bats
  3 endoplasms
  3 giant cockroaches
  5 hobgoblins
  4 ball pythons
  A frilled lizard (D:3)
  5 goblins
  3 rats
58 creatures vanquished.

Notes
Turn   | Place    | Note
-------+----------+-------------------------------------------
     0 | D:1      | ChaosChampion the Vine Stalker Fighter began the quest for
                  | the Orb.
     0 | D:1      | Reached XP level 1. HP: 11/11 MP: 2/2
    32 | D:1      | You fall into a shaft and drop 1 floor!
   335 | D:2      | Reached XP level 2. HP: 16/16 MP: 3/3
   644 | D:2      | Reached XP level 3. HP: 12/19 MP: 4/4
  1285 | D:3      | Noticed Stonecrops's ghost (amateur GrFi)
  1287 | D:3      | Found a transporter.
  1293 | D:3      | Found a transporter.
  1494 | D:3      | Reached skill level 1 in Dodging
  1494 | D:3      | Gained mutation: Your natural rate of healing is unusually
                  | fast. [Vine Stalker growth]
  1494 | D:3      | Reached XP level 4. HP: 7/24 MP: 3/5
  1528 | D:3      | Found a faded altar of an unknown god.
  2305 | D:4      | Reached XP level 5. HP: 28/28 MP: 6/6
  2379 | D:5      | Entered Level 5 of the Dungeon
  2444 | D:5      | Found a staircase to the Ecumenical Temple.
  2449 | Temple   | Entered the Ecumenical Temple
  2700 | D:5      | Found a radiant altar of Vehumet.
  2703 | D:5      | Noticed a phantom
  2705 | D:5      | Noticed an ogre
  2776 | D:5      | Killed an ogre
  2777 | D:5      | Reached XP level 6. HP: 27/33 MP: 7/7
  2853 | D:5      | Noticed Sigmund
  2859 | D:5      | Killed Sigmund
  2860 | D:5      | Reached XP level 7. HP: 28/37 MP: 5/8
  2899 | D:5      | Found a white marble altar of Elyvilon.
  3104 | D:6      | Found a blossoming altar of Fedhas.
  3104 | D:6      | Found a shimmering altar of Xom.
  3106 | D:6      | Noticed a hornet
  3128 | D:6      | Paralysed by a hornet for 3 turns
  3128 | D:6      | Killed from afar by a white imp

Illustrated notes

Levels and vault maps discovered:
D:1:      dpeg_arrival_castle, layout_loops_ring
D:2:      layout_basic, minmay_ruptured
D:3:      layout_rooms, ebering_ecumenical_altar_box, gammafunk_ghost_arena
D:4:      layout_loops_ring
D:5:      layout_loops_ring, mainiacjoe_overflow_small_starburst,
          nicolae_vehumet_altar_sigil, temple_doors_e, uniq_sigmund
D:6:      layout_loops_ring, jmf_multi_god_temple
Temple:   regret_index_temple_sphere_string

Skill      XL: |  1  2  3  4  5  6 |
---------------+-------------------+-----
Short Blades   | 2 3 |  3.7
Fighting       | 3 4 |  4.3
Shields        | 3 4 |  4.3
Dodging        | 1 2 |  2.8
Armour         | 3 |  3.9

Action                   |  1- 3 |  4- 6 |  7- 9 || total
-------------------------+-------+-------+-------++-------
Melee: Rapier            |    69 |   100 |    37 ||   206
       Bite              |    12 |    33 |     7 ||    52
Evoke: Wand              |       |       |     4 ||     4
  Use: Scroll            |       |     4 |       ||     4
Armor: Scale mail        |    30 |       |       ||    30
       Chain mail        |     6 |    29 |    15 ||    50
Dodge: Dodged            |    41 |    38 |    10 ||    89
Block: Buckler           |    10 |    17 |     9 ||    36

Table legend: (Time is in decaauts)
 A = Elapsed time spent in this place.
 B = Non-inter-level travel time spent in this place.
 C = Inter-level travel time spent in this place.
 D = Time resting spent in this place.
 E = Time spent auto-exploring this place.
 F = Levels seen in this place.
 G = Mean time per level.
                   A        B        C        D        E       F      G
               +--------+--------+--------+--------+--------+-----+--------+
         Total |   3144 |   3003 |    141 |     72 |   2181 |   7 |  449.1 |
       Dungeon |   2952 |   2811 |    141 |     72 |   2046 |   6 |  492.0 |
        Temple |    191 |    191 |      0 |      0 |    135 |   1 |  191.0 |
               +--------+--------+--------+--------+--------+-----+--------+

Top non-repeatable levels by time:
     D:2: 911 daAuts
     D:3: 830 daAuts
     D:4: 617 daAuts
     D:5: 386 daAuts
  Temple: 191 daAuts
     D:6: 174 daAuts
     D:1: 32 daAuts
